 Dungeon Crawl Stone Soup version 0.31-a0-193-gdfe2569204 (webtiles) character file.

Game seed: 10374467403643172007

82 qw the Shooter (level 4, -2/25 HPs)
             Began as a Deep Elf Hunter on June 24, 2023.
             Slain by a river rat (3 damage)
             ... in a sewer.
             The game lasted 00:00:41 (1979 turns).

qw the Shooter (Deep Elf Hunter)                    Turns: 1979, Time: 00:00:42

Health: -2/25      AC:  3    Str:  9    XL:     4   Next: 21%
Magic:  6/6        EV: 13    Int: 13    God:
Gold:   99         SH:  0    Dex: 22    Spells: 3/3 levels left

rFire   . . .        Y - +0 shortbow
rCold   . . .        (shield currently unavailable)
rNeg    . . .        c - +0 leather armour
rPois   .            (no helmet)
rElec   .            (no cloak)
rCorr   .            (no gloves)
SInv    .            (no boots)
Will    .....        (no amulet)
Stlth   ++           (no ring)
HPRegen 0.24/turn    (no ring)
MPRegen 0.10/turn

%: no passive effects
@: about to teleport
A: agile 1, wild magic 1
a: no special abilities


You were in a sewer.
You visited 1 branch of the dungeon, and saw 3 of its levels.
You also visited: Sewer.

You collected 99 gold pieces.


Innate Abilities, Weirdness & Mutations

You are agile. (Dex +4, Str/Int -1)
Your spells are a little harder to cast, but a little more powerful.


   Skills:
 - Level 1.5 Fighting
 + Level 7.3 Ranged Weapons
 - Level 3.0 Dodging
 - Level 1.2 Stealth


You had 3 spell levels left.
You didn't know any spells.
Your spell library was empty.

Inventory:

Hand Weapons
 Y - a +0 shortbow (weapon)
Armour
 c - a +0 leather armour (worn)
Scrolls
 g - a scroll of identify
 h - a scroll of torment {unknown}
 i - a scroll of enchant weapon {unknown}
Potions
 a - a potion of might {unknown}
 b - a potion of enlightenment {unknown}
 e - a potion of curing {unknown}
 f - a potion of attraction {unknown}

Dungeon Overview and Level Annotations

Branches:
Dungeon (3/15)              Sewer (1/1)

Altars:
Zin

Shops:
D:1 =


Message History

The endoplasm is moderately wounded.
The bat hits you but does no damage.
You shoot an arrow. The arrow hits the endoplasm.
The endoplasm is severely wounded.
The bat hits you but does no damage.
You shoot an arrow. The arrow hits the bat!
You kill the bat!
You shoot an arrow. The arrow hits the endoplasm!
You kill the endoplasm!
A giant cockroach comes into view.
You shoot an arrow.
The arrow barely misses the giant cockroach.
You shoot an arrow. The arrow hits the giant cockroach.
You kill the giant cockroach!
You enter the shallow water.
Moving in this stuff is going to be slow.
You enter the shallow water.
Moving in this stuff is going to be slow.
You enter the shallow water.
Moving in this stuff is going to be slow.
You open the large door. 3 river rats come into view.
You shoot an arrow. The arrow hits the river rat.
The river rat is lightly wounded.
You shoot an arrow. The arrow barely misses the river rat.
The river rat completely misses you.
You shoot an arrow. The arrow closely misses the river rat.
The river rat misses you. The river rat bites you!
The river rat barely misses you.
You shoot an arrow. The arrow hits the river rat!
The river rat is almost dead.
The river rat misses you. The river rat bites you. x2
You shoot an arrow. The arrow closely misses the river rat.
The river rat bites you. The river rat completely misses you.
The river rat bites you!
1979 ||| READING scroll of teleportation.
As you read the scroll of teleportation, it crumbles to dust.
You feel strangely unstable. The river rat bites you.
You die...

#~~.# #.~~# +..+
#~~~# #..# #~~~#
#..# #~~~# #..#
#~~~# #..###
#~~~# #..#.#
#.~~# +..r.#
#.~~# +.@r.#
#~~.# #.r#.#
#~~.# #..# #
#~~.# #~.# #~~~#
#.~#
#.~~####~~####~~
#~~~~~~~~~~~~~~.
#~~~~~~~~~~~~~~~
#~.~~~.~~.~..~~~


You could see 3 river rats.

Vanquished Creatures
  An adder (D:2)
  A river rat (Sewer)
  A worm (D:3)
  A dart slug (D:2)
  3 endoplasms
  3 giant cockroaches
  4 goblins
  5 hobgoblins
  2 jackals (Sewer)
  11 kobolds
  3 quokkas
  5 ball pythons
  6 bats
  4 frilled lizards
  8 rats
58 creatures vanquished.

Notes
Turn   | Place    | Note
-------+----------+-------------------------------------------
     0 | D:1      | qw the Deep Elf Hunter began the quest for the Orb.
     0 | D:1      | Reached XP level 1. HP: 12/12 MP: 3/3
     0 | D:1      | 0 ||| qw: Version: 0.3-a-9-g12657ce
     0 | D:1      | 0 ||| qw: Game counter: 4720
     0 | D:1      | 0 ||| qw: Always use a shield: true
     0 | D:1      | 0 ||| qw: God list: Okawaru
     0 | D:1      | 0 ||| qw: Allow faded altars: false
     0 | D:1      | 0 ||| qw: Do Orc after D:15 true
     0 | D:1      | 0 ||| qw: Do second Lair branch before Depths: true
     0 | D:1      | 0 ||| qw: Lair rune preference: random
     0 | D:1      | 0 ||| qw: Plans: Normal
     0 | D:1      | 0 ||| PLANNING D:1-11
    90 | D:1      | 90 ||| READING scroll labelled WEHOID ICRINOA.
    95 | D:1      | Reached XP level 2. HP: 16/16 MP: 4/4
   108 | D:1      | Reached skill level 6 in Ranged Weapons
   198 | D:1      | Found Niagi's One-of-a-Kind Rings.
   216 | D:1      | 216 ||| SHOPLISTING +2 ring of evasion (60 gold, have 53).
   216 | D:1      | 216 ||| SHOPLISTING +2 ring of slaying (210 gold, have 53).
   216 | D:1      | 216 ||| SHOPLISTING +3 ring of dexterity (100 gold, have
                  | 53).
   216 | D:1      | 216 ||| SHOPLISTING +7 ring of evasion (660 gold, have 53).
   216 | D:1      | 216 ||| SHOPLISTING +8 ring of dexterity (550 gold, have
                  | 53).
   216 | D:1      | 216 ||| SHOPLISTING ring "Fediqeof" {AC+4 Str+2 Dex+2} (514
                  | gold, have 53).
   216 | D:1      | 216 ||| SHOPLISTING ring "Pihoupis" {rC+ rN+} (340 gold,
                  | have 53).
   591 | D:1      | 591 ||| FLEEEEING.
   595 | D:1      | 595 ||| FLEEEEING.
   596 | D:1      | 596 ||| FLEEEEING.
   597 | D:1      | 597 ||| FLEEEEING.
   598 | D:1      | 598 ||| FLEEEEING.
   599 | D:1      | 599 ||| FLEEEEING.
   600 | D:1      | 600 ||| FLEEEEING.
   601 | D:1      | 601 ||| FLEEEEING.
   602 | D:1      | 602 ||| FLEEEEING.
   603 | D:1      | 603 ||| FLEEEEING.
   612 | D:1      | Reached XP level 3. HP: 18/20 MP: 5/5
   737 | D:1      | 737 ||| READING scroll labelled BYILYU OLUZXE.
   741 | D:1      | 741 ||| READING scroll labelled JUTHAM SO GAX.
   742 | D:1      | 742 ||| DROPPING scroll of butterflies.
  1196 | D:2      | Reached skill level 7 in Ranged Weapons
  1412 | D:2      | HP: 5/20 [poisoned by an adder]
  1416 | D:2      | HP: 2/20 [poisoned by an adder]
  1603 | D:2      | 1603 ||| DRINKING 2 lumpy amethyst potions.
  1603 | D:2      | Gained mutation: You are frail. (-10% HP) [potion of
                  | mutation]
  1603 | D:2      | Gained mutation: Armour fits poorly on your strangely
                  | shaped body. [potion of mutation]
  1603 | D:2      | Gained mutation: You have large cloven feet. [potion of
                  | mutation]
  1604 | D:2      | 1604 ||| DRINKING potion of mutation.
  1604 | D:2      | Lost mutation: You have large cloven feet. [potion of
                  | mutation]
  1604 | D:2      | Lost mutation: Armour fits poorly on your strangely shaped
                  | body. [potion of mutation]
  1604 | D:2      | Lost mutation: You are frail. (-10% HP) [potion of
                  | mutation]
  1604 | D:2      | Gained mutation: You are agile. (Dex +4, Str/Int -1)
                  | [potion of mutation]
  1604 | D:2      | Gained mutation: Your spells are a little harder to cast,
                  | but a little more powerful. [potion of mutation]
  1636 | D:3      | 1636 ||| PLANNING SEWER
  1708 | D:3      | Found a glowing silver altar of Zin.
  1800 | D:3      | Found a glowing drain.
  1817 | Sewer    | Entered a sewer
  1826 | Sewer    | Reached skill level 3 in Dodging
  1826 | Sewer    | Reached XP level 4. HP: 25/25 MP: 6/6
  1838 | Sewer    | 1838 ||| Stepping ~*~*~tactically~*~*~ (water).
  1908 | Sewer    | 1908 ||| Stepping ~*~*~tactically~*~*~ (water).
  1978 | Sewer    | HP: 1/25 [river rat (7)]
  1979 | Sewer    | 1979 ||| READING scroll of teleportation.
  1979 | Sewer    | Slain by a river rat

Levels and vault maps discovered:
D:1:      wander_arrival_peaceful_grave, layout_loops_ring, serial_glass,
          glass_columns_a, glass_columns_b, nicolae_shop_unique_rings
D:2:      layout_basic, grunt_ministairs_2
D:3:      layout_basic, zin_scriptorium, cheibrodos_sewer_entry_drain,
          minivault_4
Sewer:    sewer_fruit_machine

Skill      XL: |  1  2  3 |
---------------+----------+-----
Ranged Weapons | 6 7 |  7.3
Dodging        | 3 |  3.0
Fighting       | |  1.5
Stealth        | |  1.2

Action                     |  1- 3 |  4- 6 || total
---------------------------+-------+-------++-------
   Fire: Shortbow          |   121 |    32 ||   153
    Use: Scroll            |     3 |     1 ||     4
         Potion            |     2 |       ||     2
 Armour: Leather armour    |     9 |     2 ||    11
  Dodge: Dodged            |    20 |    10 ||    30

Table legend:
 A = Non-vault XP
 B = Vault XP
 C = Vault XP percentage of total XP
 D = Non-vault monster count
 E = Vault monster count
 F = Vault count percentage of total count
                 A         B        C        D         E       F
            +---------+---------+-------+---------+---------+-------
      Total |      76 |      42 |  35.6 |      44 |      14 |  24.1
            +---------+---------+-------+---------+---------+-------
        D:1 |      41 |       0 |   0.0 |      26 |       0 |   0.0
        D:2 |      31 |       6 |  16.2 |      15 |       2 |  11.8
        D:3 |       4 |       7 |  63.6 |       3 |       2 |  40.0
      Sewer |       0 |      29 | 100.0 |       0 |      10 | 100.0
            +---------+---------+-------+---------+---------+-------
